 Dungeon Crawl Stone Soup version 0.27-a0-531-gb72ec1a1b6 (webtiles) character file.

Game seed: 13422526625117797464

1003 ReteAZ the Covered (level 8, -7/63 HPs)
             Began as a Gnoll Wanderer on Mar 4, 2021.
             Was a Follower of Ashenzari.
             Mangled by a wyvern (14 damage)
             ... on level 6 of the Dungeon on Mar 5, 2021.
             The game lasted 00:11:22 (5969 turns).

ReteAZ the Covered (Gnoll Wanderer)                 Turns: 5969, Time: 00:11:23

Health: -7/63      AC: 15    Str: 14    XL:     8   Next: 20%
Magic:  0/12       EV: 11    Int: 12    God:    Ashenzari [*.....]
Gold:   314        SH:  0    Dex: 11    Spells: 13/13 levels left

rFire    . . .     SeeInvis .   a - +2 rapier (protect)
rCold    . . .     Faith    .   (no shield)
rNeg     . . .     Spirit   +   p - +0 ring mail
rPois    .         Reflect  .   (no helmet)
rElec    .         Harm     .   (no cloak)
rCorr    .         Rampage  .   y - +0 pair of gloves "Ordeal of Ashenzari" {Cun, Melee} (curse)
Will     .....                  (no boots)
Stlth    ++........             j - amulet "Vision of the Sky" {Spirit, Fort, Bglg} (curse)
HPRegen  0.20/turn              (no ring)
MPRegen  0.13/turn              (no ring)

@: protection aura
A: fangs 1, strong nose, distributed training
a: Renounce Religion, Curse Item, Shatter the Chains


You were on level 6 of the Dungeon.
You worshipped Ashenzari.
Ashenzari was aware of your devotion.
You visited 1 branch of the dungeon, and saw 6 of its levels.
You also visited: Ossuary.

You collected 314 gold pieces.

Inventory:

Hand Weapons
 a - a +2 rapier of protection (weapon)
 b - a +0 shortbow
 w - a +0 mace
 C - a +1 spear
 D - a +4 falchion
Missiles
 d - 34 arrows
 i - 2 throwing nets (quivered)
 r - 15 poisoned darts
Armour
 e - a +0 robe
 p - a +0 ring mail (worn)
 y - the cursed +0 pair of gloves "Ordeal of Ashenzari" (worn) {Cun, Melee}
   (You found it on level 5 of the Dungeon)

   It has a curse placed upon it.
Jewellery
 j - the cursed amulet "Vision of the Sky" (around neck) {Spirit, Fort, Bglg}
   (You found it on level 1 of the Dungeon)

   [amulet of guardian spirit]

   It causes incoming damage to be split between your health and magic.
   It has a curse placed upon it.
 q - an amulet of magic regeneration
 A - a +6 ring of intelligence
Scrolls
 f - 5 scrolls of magic mapping
 g - 2 scrolls of blinking
 n - 2 scrolls of amnesia
 o - 5 scrolls of fear
 t - 5 scrolls of teleportation
 u - 2 scrolls of enchant weapon
 B - a scroll of enchant armour
Potions
 h - 2 potions of lignification
 k - 6 potions of flight
 l - 2 potions of invisibility
 m - 2 potions of brilliance
 s - 3 potions of heal wounds
 v - 3 potions of curing
 x - a potion of haste
 z - 4 potions of magic
 E - a potion of berserk rage
 F - a potion of might
 G - a potion of mutation
Miscellaneous
 c - a lightning rod (4/4)


   Skills:
 + Level 5.5 Fighting
 + Level 3.0(4.2) Short Blades
 + Level 3.0(4.2) Long Blades
 + Level 3.0(4.2) Axes
 + Level 4.0(5.3) Maces & Flails
 + Level 3.0(4.2) Polearms
 + Level 3.0(4.2) Staves
 + Level 3.0 Slings
 + Level 5.5 Bows
 + Level 3.0 Crossbows
 + Level 3.0 Throwing
 + Level 7.3(8.6) Armour
 + Level 3.0(4.2) Dodging
 + Level 3.0(4.2) Stealth
 + Level 4.0(5.3) Shields
 + Level 3.0(4.2) Unarmed Combat
 + Level 3.0 Spellcasting
 + Level 2.4(3.5) Conjurations
 + Level 2.4(3.5) Hexes
 + Level 2.4 Summonings
 + Level 2.4 Necromancy
 + Level 2.4(3.5) Translocations
 + Level 2.4 Transmutations
 + Level 2.4 Fire Magic
 + Level 2.4 Ice Magic
 + Level 2.4 Air Magic
 + Level 2.4 Earth Magic
 + Level 2.4 Poison Magic
 + Level 3.3 Invocations
 + Level 4.0 Evocations


You had 13 spell levels left.
You didn't know any spells.
Your spell library contained the following spells:

 Spells                   Type           Power      Damage    Failure   Level
 Freeze                   Ice            28%        1d5       16%         1
 Frozen Ramparts          Ice            14%        1d3       43%         3
 Ozocubu's Armour         Ice            7%         N/A       43%         3
 Hailstorm                Conj/Ice       9%         3d4       77%         4
 Summon Ice Beast         Ice/Summ       7%         N/A       83%         4


Dungeon Overview and Level Annotations

Branches:
Dungeon (6/15)             Temple (0/1) D:6         Ossuary (visited)

Altars:
Ashenzari
Elyvilon
Makhleb
Okawaru
Xom
Zin


Innate Abilities, Weirdness & Mutations

You have very sharp teeth.
Your uncanny sense of smell can sniff out nearby items.
Your experience applies equally to all skills.


Message History

You hit the worker ant.
You kill the worker ant!
Your life force feels restored.
The giant cockroach misses you.
You barely miss the giant cockroach.
The giant cockroach bites you but does no damage.
You hit the giant cockroach but do no damage.
The giant cockroach closely misses you. The wyvern bites you.
You hit the wyvern but do no damage. The giant cockroach closely misses you.
The wyvern closely misses you.
The giant cockroach bites you but does no damage.
You closely miss the wyvern. The wyvern bites you.
The giant cockroach bites you but does no damage.
The wyvern bites you!
You completely miss the wyvern. The wyvern bites you.
The giant cockroach bites you but does no damage.
You hit the wyvern.
The wyvern is lightly wounded.
The wyvern bites you! The giant cockroach barely misses you.
The wyvern bites you!
You are too injured to fight recklessly!
You are too injured to fight recklessly!
There is an open door here.
The wyvern bites you but does no damage.
You hit the wyvern. Your bite misses the wyvern.
The wyvern is moderately wounded.
The wyvern bites you.
You completely miss the wyvern.
The wyvern is moderately wounded.
The wyvern bites you!
* * * LOW HITPOINT WARNING * * *
The wyvern misses you.
You closely miss the wyvern.
The wyvern is moderately wounded.
The wyvern bites you.
* * * LOW HITPOINT WARNING * * *
You hit the wyvern. You bite the wyvern, but do no damage.
The wyvern is heavily wounded.
The wyvern bites you!
You die...

# #.# # #.# # ####.##### #
#........# #+## #
#.##.###.# #...## #
#.##.###.# #.....# #
#.##.##..#####.......
######.##.......##........
......<.........@lB.......
.#####[###......##........
.#####).......#####.......
...)..####.#### #.....#
).###.# #.# #...## ≈≈≈≈#.#
#.# #+## ..#≈#.. #.#
...≈...# .# ...≈.).#


You could see a wyvern and a giant cockroach.

Vanquished Creatures
  An elf zombie (Ossuary)
  A bullfrog (D:6)
  A scorpion (D:5)
  4 wights
  A howler monkey (D:4)
  A jelly (D:6)
  3 hounds
  A bullfrog skeleton (D:5)
  4 worker ants
  2 orc wizards (D:6)
  A hound skeleton (D:4)
  4 mummies (Ossuary)
  4 gnolls (D:4)
  A worker ant zombie (D:5)
  7 adders
  4 ufetubi (D:5)
  An ooze (D:2)
  An adder skeleton (D:4)
  3 worms
  A dart slug (D:1)
  5 leopard geckos
  4 orcs
  3 giant cockroaches
  6 goblins
  17 hobgoblins
  3 jackals
  7 kobolds
  2 quokkas (D:4)
  2 ball python zombies
  4 bats
  4 frilled lizards
  A gnoll zombie (Ossuary)
  4 goblin zombies (Ossuary)
  2 hobgoblin zombies (Ossuary)
  A jackal skeleton (D:4)
  An orc zombie (Ossuary)
  8 rats
  3 rat zombies (Ossuary)
123 creatures vanquished.

Vanquished Creatures (others)
  An orc wizard (D:6)
  11 plants (D:3)
12 creatures vanquished.

Grand Total: 135 creatures vanquished

Notes
Turn   | Place    | Note
-------+----------+-------------------------------------------
     0 | D:1      | ReteAZ the Gnoll Wanderer began the quest for the Orb.
     0 | D:1      | ReteAZ set off with the following items: a +0 mace, a
                  | lightning rod (4/4), a +0 shortbow, 25 arrows, a +0 robe
     0 | D:1      | Reached XP level 1. HP: 20/20 MP: 1/1
   158 | D:1      | Reached XP level 2. HP: 23/26 MP: 2/2
   772 | D:2      | Reached XP level 3. HP: 31/31 MP: 2/4
   879 | D:2      | Reached skill level 1 in Invocations
  1035 | D:2      | Found a burning altar of Makhleb.
  1038 | D:2      | Found a shimmering altar of Xom.
  1087 | D:2      | Reached skill level 1 in Short Blades
  1087 | D:2      | Reached skill level 1 in Long Blades
  1087 | D:2      | Reached skill level 1 in Axes
  1087 | D:2      | Reached skill level 1 in Polearms
  1087 | D:2      | Reached skill level 1 in Staves
  1087 | D:2      | Reached skill level 1 in Slings
  1087 | D:2      | Reached skill level 1 in Crossbows
  1087 | D:2      | Reached skill level 1 in Throwing
  1087 | D:2      | Reached skill level 1 in Dodging
  1087 | D:2      | Reached skill level 1 in Stealth
  1087 | D:2      | Reached skill level 1 in Unarmed Combat
  1087 | D:2      | Reached skill level 1 in Spellcasting
  1113 | D:2      | Reached XP level 4. HP: 38/38 MP: 5/5
  1628 | D:2      | Found a broken altar of Ashenzari.
  1827 | D:2      | Became a worshipper of Ashenzari the Shackled
  1960 | D:3      | Reached skill level 1 in Conjurations
  1960 | D:3      | Reached skill level 1 in Hexes
  1960 | D:3      | Reached skill level 1 in Summonings
  1960 | D:3      | Reached skill level 1 in Necromancy
  1960 | D:3      | Reached skill level 1 in Translocations
  1960 | D:3      | Reached skill level 1 in Transmutations
  1960 | D:3      | Reached skill level 1 in Fire Magic
  1960 | D:3      | Reached skill level 1 in Ice Magic
  1960 | D:3      | Reached skill level 1 in Air Magic
  1960 | D:3      | Reached skill level 1 in Earth Magic
  1960 | D:3      | Reached skill level 1 in Poison Magic
  2083 | D:3      | Reached XP level 5. HP: 43/43 MP: 6/6
  3268 | D:4      | Reached XP level 6. HP: 41/50 MP: 8/8
  3486 | D:4      | Reached skill level 5 in Fighting
  3486 | D:4      | Reached skill level 5 in Bows
  3551 | D:5      | Entered Level 5 of the Dungeon
  3577 | D:5      | Upgraded the game from 0.27-a0-520-gb83adbd1c9 to
                  | 0.27-a0-531-gb72ec1a1b6
  4080 | D:5      | Reached XP level 7. HP: 51/56 MP: 8/10
  4111 | D:5      | Found a white marble altar of Elyvilon.
  4124 | D:5      | Reached * piety under Ashenzari
  4162 | D:5      | Found an iron altar of Okawaru.
  4172 | D:5      | Found a glowing silver altar of Zin.
  4259 | D:5      | Reached skill level 7 in Armour
  5001 | D:6      | Found a staircase to the Ecumenical Temple.
  5212 | D:6      | Found a sand-covered staircase.
  5219 | Ossuary  | Entered an ossuary
  5240 | Ossuary  | Identified the cursed +0 pair of gloves "Ordeal of
                  | Ashenzari" {Cun, Melee} (You found it on level 5 of the
                  | Dungeon)
  5241 | Ossuary  | Reached XP level 8. HP: 22/63 MP: 4/12
  5954 | D:6      | Noticed a wyvern
  5969 | D:6      | Mangled by a wyvern

Illustrated notes

Levels and vault maps discovered:
D:1:      amcnicky_arrival_single_pillar, layout_loops_ring,
          minmay_misc_feat_enclosed, minmay_misc_feat_doors,
          hangedman_abyss_or_decor_lesser_grid
D:2:      layout_basic, chequers_temple_overflow_statue_of_worship,
          lemuel_tele_altar
D:3:      minmay_chambers_of_twos, layout_rooms, serial_bayou_lagoon_a
D:4:      layout_basic
D:5:      layout_basic, minitemple, nicolae_overflow_hidden_temple
D:6:      layout_loops_corners, minmay_temple_entry_water_ring, enter_ossuary_4

Skill      XL: |  1  2  3  4  5  6  7  8 |
---------------+-------------------------+-----
Invocations    | 1 2 3 |  3.3
Short Blades   | 1 2 3 |  3.0
Long Blades    | 1 2 3 |  3.0
Axes           | 1 2 3 |  3.0
Polearms       | 1 2 3 |  3.0
Staves         | 1 2 3 |  3.0
Slings         | 1 2 3 |  3.0
Crossbows      | 1 2 3 |  3.0
Throwing       | 1 2 3 |  3.0
Dodging        | 1 2 3 |  3.0
Stealth        | 1 2 3 |  3.0
Unarmed Combat | 1 2 3 |  3.0
Spellcasting   | 1 2 3 |  3.0
Conjurations   | 1 2 |  2.4
Hexes          | 1 2 |  2.4
Summonings     | 1 2 |  2.4
Necromancy     | 1 2 |  2.4
Translocations | 1 2 |  2.4
Transmutations | 1 2 |  2.4
Fire Magic     | 1 2 |  2.4
Ice Magic      | 1 2 |  2.4
Air Magic      | 1 2 |  2.4
Earth Magic    | 1 2 |  2.4
Poison Magic   | 1 2 |  2.4
Maces & Flails | 3 4 |  4.0
Shields        | 3 4 |  4.0
Evocations     | 3 4 |  4.0
Fighting       | 5 |  5.5
Bows           | 5 |  5.5
Armour         | 7 |  7.3

Action                   |  1- 3 |  4- 6 |  7- 9 || total
-------------------------+-------+-------+-------++-------
Melee: Mace              |    15 |    23 |       ||    38
       Bite              |       |     2 |    18 ||    20
       Rapier            |       |     4 |   210 ||   214
       Punch             |       |       |     1 ||     1
 Fire: Shortbow          |    69 |   246 |    20 ||   335
Invok: Curse Item        |       |     1 |     1 ||     2
  Use: Potion            |       |       |     1 ||     1
 Stab: Sleeping          |       |       |     1 ||     1
Armor: Robe              |    10 |       |       ||    10
       Ring mail         |       |    63 |   119 ||   182
       Skin              |       |       |    83 ||    83
Dodge: Dodged            |    22 |    84 |   162 ||   268

Table legend: (Time is in decaauts)
 A = Elapsed time spent in this place.
 B = Non-inter-level travel time spent in this place.
 C = Inter-level travel time spent in this place.
 D = Time resting spent in this place.
 E = Time spent auto-exploring this place.
 F = Levels seen in this place.
 G = Mean time per level.
                   A        B        C        D        E       F      G
               +--------+--------+--------+--------+--------+-----+--------+
         Total |   5998 |   5648 |    350 |    709 |   3669 |   7 |  856.9 |
       Dungeon |   5476 |   5126 |    350 |    530 |   3459 |   6 |  912.7 |
       Ossuary |    521 |    521 |      0 |    179 |    210 |   1 |  521.0 |
               +--------+--------+--------+--------+--------+-----+--------+

Top non-repeatable levels by time:
     D:5: 1366 daAuts
     D:2: 1170 daAuts
     D:3: 874 daAuts
     D:4: 789 daAuts
     D:1: 740 daAuts
     D:6: 534 daAuts
 Ossuary: 521 daAuts
